 Dungeon Crawl Stone Soup version 0.18.1-50-g88ac8fd (webtiles) character file.

128 Galewin the Chopper (level 4, -1/58 HPs)
             Began as a Minotaur Berserker on Oct 8, 2016.
             Was a Priest of Trog.
             Slain by an orc
             ... wielding a +0 trident
              (5 damage)
             ... on level 3 of the Dungeon.
             The game lasted 00:05:24 (2003 turns).

Galewin the Chopper (Minotaur Berserker)            Turns: 2003, Time: 00:05:25

Health: -1/58      AC:  2    Str: 28    XL:     4   Next: 86%
Magic:  3/3        EV: 12    Int:  4    God:    Trog [***...]
Gold:   144        SH:  0    Dex:  9    Spells: 0 memorised, 3 levels left

rFire  . . .     SeeInvis .     a - +0 hand axe
rCold  . . .     Gourm    .     b - +0 animal skin
rNeg   . . .     Faith    .     (no shield)
rPois  .         Spirit   .     (helmet restricted)
rElec  .         Dismiss  .     (no cloak)
rCorr  .         Reflect  .     (no gloves)
SustAt .         Harm     .     (no boots)
MR     .....                    (no amulet)
Stlth  ..........               (no ring)
                                (no ring)

@: berserking, very quick, not resistant to hostile enchantments, extremely
unstealthy
A: retaliatory headbutt, horns 2
a: Berserk, Trog's Hand, Burn Spellbooks, Renounce Religion


You were on level 3 of the Dungeon.
You worshipped Trog.
Trog was most pleased with you.
You were hungry.

You visited 1 branch of the dungeon, and saw 3 of its levels.

You collected 144 gold pieces.

Inventory:

Hand Weapons
 a - a +0 hand axe (weapon)
Armour
 b - a +0 animal skin (worn)
Wands
 o - a wand of slowing (23/48)
Scrolls
 d - a scroll of fog {unknown}
 g - 2 scrolls of fear {unknown}
 j - 2 scrolls of remove curse {unknown}
 l - a scroll of magic mapping {unknown}
 m - a scroll of teleportation {unknown}
 r - a scroll of blinking {unknown}
 s - a scroll of identify {unknown}
 w - a scroll of immolation {unknown}
Potions
 e - 2 potions of haste {unknown}
 f - a potion of heal wounds {unknown}
 i - a potion of curing {unknown}
 n - 3 potions of brilliance {unknown}
 p - a potion of mutation {unknown}
 q - 2 potions of resistance {unknown}
 t - 2 potions of cure mutation {unknown}
 u - a potion of flight {unknown}
Comestibles
 c - 3 bread rations
 h - a meat ration
 k - 5 fruits
 v - 4 chunks of flesh
 x - a beef jerky


   Skills:
 - Level 3.6 Fighting
 * Level 6.8 Axes
 - Level 2.4 Armour
 - Level 2.1 Dodging


You had 3 spell levels left.
You didn't know any spells.

Dungeon Overview and Level Annotations

Branches:
Dungeon (3/15)

Altars:


Innate Abilities, Weirdness & Mutations

You reflexively headbutt those who attack you in melee.
You have a pair of horns on your head.


Message History

The orc is lightly wounded.
You slash the orc!
You kill the orc!
Trog accepts your kill.
You hit the orc but do no damage. The orc hits you with a hand axe!
* * * LOW HITPOINT WARNING * * *
You are too injured to fight recklessly!
A red film seems to cover your vision as you go berserk!
You feel yourself moving faster!
You feel mighty!
You feel somewhat more hungry. The orc hits you with a hand axe!
* * * LOW HITPOINT WARNING * * *
The orc closely misses you.
You are too injured to fight recklessly!
You closely miss the orc. You slash the orc!
You kill the orc!
Trog accepts your kill. The orc barely misses you.
The orc hits you with a trident.
You die...

.#.#.# #... . ...#.# #...
##. #...#####.. ...
+.....# #.. #.# #.....#
#.. #.# #.....# #.. #o#
#.....###.. #o#
#.#.....(..
#.#####@######.#.###....
.......)†...<..#.#......
#######.########.#.##÷..
#............#. #...
#.#.######.#.# #... #.#...
#.#.# ....
########+#.#.### #.#.#
#.#+# #..........#..
#†#.###.
#..........#.######.....#.
#


You could see 2 orcs.

Vanquished Creatures
  4 adders (D:3)
  2 worms (D:3)
  3 giant geckos
  3 orcs (D:3)
  4 giant cockroaches
  5 goblins
  3 hobgoblins
  6 jackals
  2 quokkas (D:2)
  9 ball pythons
  12 bats
  3 giant newts
  10 kobolds
  6 rats
72 creatures vanquished.

Notes
Turn   | Place    | Note
--------------------------------------------------------------
     0 | D:1      | Galewin the Minotaur Berserker began the quest for the Orb.
     0 | D:1      | Reached XP level 1. HP: 19/19 MP: 0/0
   149 | D:1      | Reached skill level 4 in Axes
   293 | D:1      | Reached XP level 2. HP: 17/26 MP: 1/1
   667 | D:2      | Reached skill level 5 in Axes
   685 | D:2      | Reached XP level 3. HP: 26/31 MP: 2/2
   685 | D:2      | Reached ** piety under Trog
  1387 | D:3      | Reached XP level 4. HP: 28/39 MP: 3/3
  1476 | D:3      | Reached skill level 6 in Axes
  1515 | D:3      | Reached *** piety under Trog
  2003 | D:3      | Slain by an orc

Skill      XL: |  1  2  3  4 |
---------------+-------------+-----
Axes           | 4 5 6 |  6.8
Fighting       | |  3.6
Armour         | |  2.4
Dodging        | |  2.1

Action                   |  1- 3 |  4- 6 || total
-------------------------+-------+-------++-------
Melee: Hand axe          |    90 |    50 ||   140
       Headbutt          |    10 |     8 ||    18
Invok: Berserk           |       |     1 ||     1
 Stab: Sleeping          |     1 |       ||     1
  Eat: Chunk             |     1 |     2 ||     3
Armor: Animal skin       |    11 |     5 ||    16
Dodge: Dodged            |    68 |    27 ||    95
